Knights vs Atomiques
Created - March 6, 2018 at 19:06
Goals
|
Knights |
4 |
3 |
1 |
8 |
Atomiques |
1 |
2 |
0 |
3 |
|
Shots
|
Knights |
15 |
19 |
11 |
45 |
Atomiques |
7 |
16 |
11 |
34 |
|
1st period
1. Knights , Noel Acciari 16 (Scott Wilson 7, Jimmy Hayes 27) at 7:56
2. Atomiques , Dwight King 31 (Marc-André Cliche 30) at 13:46
3. Knights , Michael Raffl 23 (Jimmy Hayes 28, Cody Bass 22) at 15:46 (PP)
4. Knights , Noel Acciari 17 (Kevin Hayes 14, Michael Matheson 3) at 17:01
5. Knights , Michael Raffl 24 (Tomas Kundratek 15, Cody Bass 23) at 17:36 (PP)
Penalties :
Jimmy Hayes (Lon) for Hooking (Minor) at 5:11, Dwight King (STB) for Boarding (Minor) at 14:10, Bobby Farnham (STB) for Holding (Minor) at 17:26
2nd period
6. Knights , Scott Wilson 8 (Noel Acciari 18, Kevin Hayes 15) at 5:22 (PP)
7. Atomiques , Brock McGinn 9 (Darren Kramer 1, Kenndal McArdle 24) at 7:59
8. Atomiques , Brett Sutter 28 (Bobby Farnham 11) at 10:40
9. Knights , Linden Vey 23 (Jared Spurgeon 26) at 11:29
10. Knights , Matt Puempel 1 (Brendan Gaunce 10, Tom Wilson 5) at 15:43
Penalties :
Jimmy Hayes (Lon) for Hooking (Minor) at 2:07, Mitch Callahan (STB) for Hooking (Minor) at 4:39, Cody Bass (Lon) for Hooking (Minor) at 11:38, Cody Bass (Lon) for Unsportsmanlike conduct (Minor) at 15:58, Steve McCarthy (STB) for Fighting (Major) at 18:14, Jordan Martinook (Lon) for Fighting (Major) at 18:14
3rd period
11. Knights , Jimmy Hayes 35 (Michael Raffl 43) at 18:05
Penalties :
Jacob Trouba (Lon) for Slashing (Minor) at 3:00, Jimmy Hayes (Lon) for Hooking (Minor) at 7:49, Stefan Matteau (Lon) for High sticking (Minor) at 11:46, Bobby Farnham (STB) for Fighting (Major) at 19:33, Jacob Trouba (Lon) for Fighting (Major) at 19:33
Goalie Stats
Ben Scrivens (Lon), 31 saves from 34 shots - (0.912), W, 17-20-4, 60:00 minutes
Sergei Bobrovsky (STB), 26 saves from 30 shots - (0.867), 42:24 minutes
Jeremy Smith (STB), 11 saves from 15 shots - (0.733), L, 5-10-0, 17:36 minutes
Players Stats for Knights
Player Name G A P +/- PIM S H SB GA TA FO MP PP MP PK MP
------------------------------------------------------------------------------------
Brendan Gaunce 0 1 1 0 0 2 0 0 0 0 0/0 5:33 0:00 0:00
Cody Bass 0 2 2 1 4 3 2 1 1 0 11/27 18:24 1:32 2:17
Collin Miller 0 0 0 1 0 0 0 0 0 1 0/0 3:53 1:35 0:13
Jaccob Slavin 0 0 0 2 0 0 1 0 0 0 0/0 11:55 1:35 0:00
Jacob Trouba 0 0 0 -1 7 0 0 1 0 0 0/0 19:34 0:00 5:17
Jared Spurgeon 0 1 1 1 0 3 1 2 1 0 0/0 27:12 0:54 7:38
Jimmy Hayes 1 2 3 2 6 7 3 1 3 1 2/2 21:21 1:32 4:26
Jordan Martinook 0 0 0 0 5 0 1 0 0 0 0/0 10:08 0:00 0:09
Kevin Hayes 0 2 2 0 0 3 1 0 2 0 0/0 16:21 0:57 3:55
Linden Vey 1 0 1 0 0 4 2 0 2 1 0/0 11:07 0:00 0:00
Matt Puempel 1 0 1 0 0 2 1 0 0 0 0/0 10:35 0:00 4:51
Michael Matheson 0 1 1 1 0 0 0 0 0 0 0/0 8:43 0:00 0:00
Michael Raffl 2 1 3 1 0 4 1 1 1 2 9/15 23:28 1:32 7:24
Noel Acciari 2 1 3 1 0 8 0 1 2 0 11/18 15:45 0:57 2:35
Scott Wilson 1 1 2 1 0 4 2 0 0 0 0/0 15:15 0:57 2:06
Stefan Matteau 0 0 0 0 2 2 1 0 1 0 3/9 11:20 0:00 0:09
Tom Wilson 0 1 1 0 0 1 0 0 0 0 0/0 6:40 0:00 0:00
Tomas Kundratek 0 1 1 1 0 0 2 2 1 1 0/0 27:57 0:54 8:23
Zach Trotman 0 0 0 -1 0 2 3 0 0 0 0/0 20:53 0:00 6:15
Players Stats for Atomiques
Player Name G A P +/- PIM S H SB GA TA FO MP PP MP PK MP
------------------------------------------------------------------------------------
Andreas Engqvist 0 0 0 -2 0 3 1 0 0 0 3/8 11:15 0:00 0:59
Andrew Kozek 0 0 0 -2 0 2 0 0 0 1 0/0 10:49 0:00 0:33
Bobby Farnham 0 1 1 1 7 0 1 0 0 0 0/0 16:09 6:03 0:00
Brett Sutter 1 0 1 1 0 3 1 0 0 1 6/13 16:48 6:03 0:37
Brock McGinn 1 0 1 -1 0 5 1 0 0 0 0/1 8:17 0:00 0:00
Colby Cohen 0 0 0 -3 0 0 0 0 0 1 0/0 11:13 0:00 0:28
Corey Tropp 0 0 0 0 0 4 5 0 1 1 0/1 22:19 7:29 0:00
Darren Kramer 0 1 1 -1 0 1 0 0 0 0 1/1 8:17 0:00 0:00
Dwight King 1 0 1 0 2 9 2 1 0 1 1/3 23:00 7:29 0:42
Eric Gustafsson 0 0 0 1 0 0 0 0 0 0 0/0 4:47 0:00 0:00
Eric Mestery 0 0 0 -3 0 2 0 0 0 3 0/0 7:57 0:00 0:00
Fredrik Claesson 0 0 0 -2 0 1 0 0 0 0 0/0 17:33 6:07 0:00
John Draeger 0 0 0 1 0 0 0 0 0 1 0/0 7:58 0:26 0:00
Jonas Junland 0 0 0 1 0 1 0 0 0 0 0/0 17:39 4:45 0:58
Joseph Cramarossa 0 0 0 0 0 0 0 0 0 0 0/0 0:34 0:26 0:00
Kenndal McArdle 0 1 1 1 0 1 2 0 1 0 0/1 18:07 6:03 1:56
Kyle Wharton 0 0 0 1 0 0 1 3 0 0 0/0 8:30 1:14 1:03
Marc-André Cliche 0 1 1 0 0 0 3 0 1 2 24/43 22:36 7:36 0:11
Max McCormick 0 0 0 -1 0 0 4 0 1 0 0/0 8:33 0:09 0:00
Mike Halmo 0 0 0 0 0 0 0 0 0 0 0/0 0:28 0:21 0:00
Mitch Callahan 0 0 0 -2 2 0 0 0 0 0 0/0 10:15 0:00 0:00
Shayne Gostisbehere 0 0 0 1 0 2 0 1 1 2 0/0 21:43 8:05 0:58
Steve McCarthy 0 0 0 -1 5 0 1 0 1 1 0/0 22:39 7:09 1:31
3 Stars
1 - Michael Raffl (Lon)
2 - Noel Acciari (Lon)
3 - Scott Wilson (Lon)
Power Play
Knights - 3 on 3 Attempt(s) - 100.00%
Atomiques - 0 on 7 Attempt(s) - 0.00%
Penalty Kill
Knights - 7 on 7 Attempt(s) - 100.00%
- Score 0 goal in Penalty Kill
Atomiques - 0 on 3 Attempt(s) - 0.00%
- Score 0 goal in Penalty Kill
Team Stat
Knights - Hits : 21 - Faceoff Wins : 36 - Blocked Shots : 9 - Penalty Minutes : 24
Atomiques - Hits : 22 - Faceoff Wins : 35 - Blocked Shots : 5 - Penalty Minutes : 16
Official
Referees : Hasenfratz Mike and Kimmerly Greg
Linesman : Lyle Seitz and Michel Cormier
Game Notes
Sergei Bobrovsky enters game at 17:36 of 1st period
Kyle Wharton is injured at 19:49 of 1st period (Sprained Left Finger)
Steve McCarthy and Jordan Martinook fight to a draw at 18:14 of 2nd period
Bobby Farnham and Jacob Trouba fight to a draw at 19:33 of 3rd period
Finance
Level 1 -- Attendance: 1398 (69.90%) -- Ticket Income $55,920
Level 2 -- Attendance: 748 (74.80%) -- Ticket Income $14,960
Total Attendance: 2146 (71.53%)
Total Ticket Income: $70,880
Other Income: $3,544
Total Income: $74,424
Knights
5 vs 5 Forward
Center Left Wing Right Wing Time % Phy DF OF
1 Cody Bass Michael Raffl Jimmy Hayes 40 1 2 2
2 Noel Acciari Scott Wilson Kevin Hayes 30 1 2 2
3 Stefan Matteau Jordan Martinook Linden Vey 20 1 2 2
4 Brendan Gaunce Matt Puempel Tom Wilson 10 1 2 2
5 vs 5 Defense
Defense Defense Time % Phy DF OF
1 Jared Spurgeon Tomas Kundratek 40 1 2 2
2 Zach Trotman Jacob Trouba 32 1 2 2
3 Jaccob Slavin Michael Matheson 20 1 2 2
4 Jaccob Slavin Collin Miller 8 1 2 2
PowerPlay Forward
Center Left Wing Right Wing Time % Phy DF OF
1 Cody Bass Michael Raffl Jimmy Hayes 60 1 2 2
2 Noel Acciari Scott Wilson Kevin Hayes 40 1 2 2
PowerPlay Defense
Defense Defense Time % Phy DF OF
1 Jared Spurgeon Tomas Kundratek 60 1 2 2
2 Collin Miller Jaccob Slavin 40 1 2 2
Penalty Kill 4 Players Forward
Center Wing Time % Phy DF OF
1 Michael Raffl Jimmy Hayes 60 1 2 2
2 Cody Bass Kevin Hayes 40 1 2 2
Penalty Kill 4 Players Defense
Defense Defense Time % Phy DF OF
1 Jared Spurgeon Tomas Kundratek 60 1 2 2
2 Zach Trotman Jacob Trouba 40 1 2 2
Penalty Kill - 3 Players Forward
Forward Time % Phy DF OF
1 Michael Raffl 60 1 2 2
2 Jimmy Hayes 40 1 2 2
Penalty Kill - 3 Players Defense
Defense Defense Time % Phy DF OF
1 Jared Spurgeon Zach Trotman 60 1 2 2
2 Jacob Trouba Tomas Kundratek 40 1 2 2
4 vs 4 Forward
Center Wing Time % Phy DF OF
1 Michael Raffl Jimmy Hayes 60 1 2 2
2 Cody Bass Kevin Hayes 40 1 2 2
4 vs 4 Defense
Defense Defense Time % Phy DF OF
1 Jared Spurgeon Tomas Kundratek 60 1 2 2
2 Jacob Trouba Zach Trotman 40 1 2 2
Last Minutes Offensive
Center Left Wing Right Wing Defense Defense
Cody Bass Michael Raffl Jimmy Hayes Jared Spurgeon Tomas Kundratek
Last Minutes Defensive
Center Left Wing Right Wing Defense Defense
Cody Bass Michael Raffl Jimmy Hayes Jared Spurgeon Tomas Kundratek
Goaltenders
Starting : Ben Scrivens
Backup : Magnus Hellberg
Extra Forwards
Normal : Tom Wilson, Jimmy Hayes, Matt Puempel - PP : Tom Wilson, Michael Raffl - PK : Matt Puempel
Extra Defensemen
Normal : Jared Spurgeon, Zach Trotman, Jacob Trouba - PP : Jared Spurgeon - PK : Tomas Kundratek, Jacob Trouba
Penalty Shots
Michael Raffl, Jimmy Hayes, Cody Bass, Kevin Hayes, Linden Vey
Scratches
Alan Quine (Healthy), Jordan Weal (Healthy), David Shields (Healthy), Matthew Benning (Healthy), Matt Grzelcyk (Healthy)
Brett Connolly (Healthy), Travis Boyd (Healthy), Scott Jackson (Healthy), Nikita Nikitin (Healthy), A.J. Jenks (Healthy)
Connor Knapp (Healthy)
Atomiques
5 vs 5 Forward
Center Left Wing Right Wing Time % Phy DF OF
1 Marc-André Cliche Dwight King Corey Tropp 40 1 2 2
2 Brett Sutter Kenndal McArdle Bobby Farnham 30 1 2 2
3 Andreas Engqvist Andrew Kozek Mitch Callahan 20 1 2 2
4 Darren Kramer Brock McGinn Max McCormick 10 1 2 2
5 vs 5 Defense
Defense Defense Time % Phy DF OF
1 Steve McCarthy Kyle Wharton 40 1 2 2
2 Jonas Junland Shayne Gostisbehere 30 1 2 2
3 Colby Cohen Eric Mestery 20 1 2 2
4 Eric Gustafsson John Draeger 10 1 2 2
PowerPlay Forward
Center Left Wing Right Wing Time % Phy DF OF
1 Marc-André Cliche Dwight King Corey Tropp 60 1 2 2
2 Brett Sutter Kenndal McArdle Bobby Farnham 40 1 2 2
PowerPlay Defense
Defense Defense Time % Phy DF OF
1 Steve McCarthy Kyle Wharton 60 1 2 2
2 Jonas Junland Shayne Gostisbehere 40 1 2 2
Penalty Kill 4 Players Forward
Center Wing Time % Phy DF OF
1 Dwight King Kenndal McArdle 60 1 2 2
2 Marc-André Cliche Andrew Kozek 40 1 2 2
Penalty Kill 4 Players Defense
Defense Defense Time % Phy DF OF
1 Steve McCarthy Kyle Wharton 60 1 2 2
2 Jonas Junland Shayne Gostisbehere 40 1 2 2
Penalty Kill - 3 Players Forward
Forward Time % Phy DF OF
1 Dwight King 60 1 2 2
2 Kenndal McArdle 40 1 2 2
Penalty Kill - 3 Players Defense
Defense Defense Time % Phy DF OF
1 Steve McCarthy Kyle Wharton 60 1 2 2
2 Jonas Junland Shayne Gostisbehere 40 1 2 2
4 vs 4 Forward
Center Wing Time % Phy DF OF
1 Dwight King Kenndal McArdle 60 1 2 2
2 Marc-André Cliche Andrew Kozek 40 1 2 2
4 vs 4 Defense
Defense Defense Time % Phy DF OF
1 Steve McCarthy Kyle Wharton 60 1 2 2
2 Jonas Junland Shayne Gostisbehere 40 1 2 2
Last Minutes Offensive
Center Left Wing Right Wing Defense Defense
Marc-André Cliche Dwight King Corey Tropp Steve McCarthy Kyle Wharton
Last Minutes Defensive
Center Left Wing Right Wing Defense Defense
Marc-André Cliche Dwight King Corey Tropp Steve McCarthy Kyle Wharton
Goaltenders
Starting : Jeremy Smith
Backup : Sergei Bobrovsky
Extra Forwards
Normal : Joseph Cramarossa, Mike Halmo, Andreas Engqvist - PP : Joseph Cramarossa, Mike Halmo - PK : Andreas Engqvist
Extra Defensemen
Normal : Fredrik Claesson, Colby Cohen, Eric Mestery - PP : Fredrik Claesson - PK : Colby Cohen, Eric Mestery
Penalty Shots
Dwight King, Kenndal McArdle, Marc-André Cliche, Andrew Kozek, Corey Tropp
Scratches
Tyler Brenner (Healthy), Anthony Nigro (Back Spasms Injury), Francois Tremblay (Healthy)
% Time on Ice - Knights
Lines # - Real PCT - Wanted PCT - Time Play
Normal Forward
1 - 35% - 40% - 15:29
2 - 26% - 30% - 11:29
3 - 25% - 20% - 11:07
4 - 13% - 10% - 5:33
Normal Defense
1 - 43% - 40% - 18:40
2 - 34% - 32% - 14:38
3 - 20% - 20% - 8:43
4 - 4% - 8% - 1:37
PP Forward
1 - 62% - 60% - 1:32
2 - 38% - 40% - 0:57
PP Defense
1 - 36% - 60% - 0:54
2 - 64% - 40% - 1:35
PK Forward
1 - 72% - 60% - 9:58
2 - 28% - 40% - 3:55
PK Defense
1 - 55% - 60% - 7:38
2 - 45% - 40% - 6:15
PK3 Forward
1 - 0% - 60%
2 - 0% - 40%
PK3 Defense
1 - 0% - 60%
2 - 0% - 40%
44 Forward
1 - 0% - 60%
2 - 0% - 40%
44 Defense
1 - 0% - 60%
2 - 0% - 40%
Last Minute Offensive - 0:00
Last Minute Defensive - 0:00
Total
Forward - 60:00
Defense - 60:00
|
% Time on Ice - Atomiques
Lines # - Real PCT - Wanted PCT - Time Play
Normal Forward
1 - 34% - 40% - 14:57
2 - 23% - 30% - 10:08
3 - 24% - 20% - 10:16
4 - 19% - 10% - 8:17
Normal Defense
1 - 43% - 40% - 18:58
2 - 27% - 30% - 11:56
3 - 18% - 20% - 7:57
4 - 11% - 10% - 4:47
PP Forward
1 - 56% - 60% - 7:50
2 - 44% - 40% - 6:03
PP Defense
1 - 66% - 60% - 9:08
2 - 34% - 40% - 4:45
PK Forward
1 - 93% - 60% - 2:18
2 - 7% - 40% - 0:11
PK Defense
1 - 61% - 60% - 1:31
2 - 39% - 40% - 0:58
PK3 Forward
1 - 0% - 60%
2 - 0% - 40%
PK3 Defense
1 - 0% - 60%
2 - 0% - 40%
44 Forward
1 - 0% - 60%
2 - 0% - 40%
44 Defense
1 - 0% - 60%
2 - 0% - 40%
Last Minute Offensive - 0:00
Last Minute Defensive - 0:00
Total
Forward - 60:00
Defense - 60:00
|
Play by Play
1st period
0:01 of 1st period - Marc-André Cliche wins face-off versus Cody Bass in neutral zone.
0:04 of 1st period - Tomas Kundratek is hit by Corey Tropp and loses puck.
0:15 of 1st period - Wrist shot by Michael Raffl.
0:15 of 1st period - Shot Blocked by Kyle Wharton.
0:27 of 1st period - Steve McCarthy is hit by Scott Wilson and loses puck.
0:34 of 1st period - Snap shot by Kevin Hayes.
0:34 of 1st period - Shot Misses the Net.
1:16 of 1st period - Slapshot by Shayne Gostisbehere.
1:16 of 1st period - Shot Misses the Net.
3:02 of 1st period - Tom Wilson is hit by Corey Tropp and loses puck.
3:23 of 1st period - Snap shot by Scott Wilson.
3:23 of 1st period - Stopped by Jeremy Smith with a rebound.
4:18 of 1st period - Jaccob Slavin is hit by Corey Tropp and loses puck.
4:36 of 1st period - Slapshot by Linden Vey.
4:36 of 1st period - Stopped by Jeremy Smith with a rebound.
4:44 of 1st period - Wrist shot by Stefan Matteau.
4:44 of 1st period - Stopped by Jeremy Smith without a rebound.
4:45 of 1st period - Brett Sutter wins face-off versus Cody Bass in Atomiques zone.
4:45 of 1st period - Brett Sutter is hit by Tomas Kundratek.
4:55 of 1st period - Snap shot by Cody Bass.
4:55 of 1st period - Shot Misses the Net.
5:11 of 1st period - Minor Penalty to Jimmy Hayes for Hooking.
5:12 of 1st period - Michael Raffl wins face-off versus Brett Sutter in Knights zone.
7:07 of 1st period - Zach Trotman is hit by Max McCormick and loses puck.
7:11 of 1st period - Penalty to Jimmy Hayes is over, Jimmy Hayes is back on ice.
7:24 of 1st period - Slapshot by Jimmy Hayes.
7:24 of 1st period - Stopped by Jeremy Smith with a rebound.
7:54 of 1st period - Slapshot by Scott Wilson.
7:54 of 1st period - Stopped by Jeremy Smith with a rebound.
7:56 of 1st period - Snap shot by Noel Acciari.
7:56 of 1st period - Goal by Noel Acciari - Knights : 1 - Atomiques : 0.
7:57 of 1st period - Marc-André Cliche wins face-off versus Stefan Matteau in neutral zone.
8:22 of 1st period - Kenndal McArdle is hit by Tomas Kundratek and loses puck.
8:54 of 1st period - Off-side.
8:55 of 1st period - Marc-André Cliche wins face-off versus Stefan Matteau in neutral zone.
8:58 of 1st period - Snap shot by Dwight King.
8:58 of 1st period - Stopped by Ben Scrivens with a rebound.
9:00 of 1st period - Slapshot by Jonas Junland.
9:00 of 1st period - Stopped by Ben Scrivens without a rebound.
9:01 of 1st period - Stefan Matteau wins face-off versus Marc-André Cliche in Knights zone.
9:39 of 1st period - Jared Spurgeon is hit by Corey Tropp and loses puck.
9:50 of 1st period - Wrist shot by Corey Tropp.
9:50 of 1st period - Shot Misses the Net.
9:52 of 1st period - Wrist shot by Corey Tropp.
9:52 of 1st period - Stopped by Ben Scrivens with a rebound.
10:11 of 1st period - Off-side.
10:12 of 1st period - Noel Acciari wins face-off versus Brett Sutter in neutral zone.
10:39 of 1st period - Off-side.
10:40 of 1st period - Cody Bass wins face-off versus Andreas Engqvist in neutral zone.
11:02 of 1st period - Snap shot by Michael Raffl.
11:02 of 1st period - Shot Misses the Net.
11:12 of 1st period - Backhand shot by Andrew Kozek.
11:12 of 1st period - Shot Misses the Net.
11:14 of 1st period - Slapshot by Eric Mestery.
11:14 of 1st period - Deflect By Cody Bass.
11:14 of 1st period - Stopped by Ben Scrivens without a rebound.
11:15 of 1st period - Noel Acciari wins face-off versus Brett Sutter in Knights zone.
11:40 of 1st period - Kyle Wharton is hit by Jaccob Slavin and loses puck.
13:46 of 1st period - Slapshot by Dwight King.
13:46 of 1st period - Goal by Dwight King - Knights : 1 - Atomiques : 1.
13:47 of 1st period - Noel Acciari wins face-off versus Marc-André Cliche in neutral zone.
13:47 of 1st period - Kevin Hayes is hit by Kyle Wharton and loses puck.
13:56 of 1st period - Slapshot by Dwight King.
13:56 of 1st period - Deflect By Marc-André Cliche.
13:56 of 1st period - Shot Misses the Net.
13:56 of 1st period - Puck is out of play.
13:57 of 1st period - Noel Acciari wins face-off versus Marc-André Cliche in Knights zone.
13:57 of 1st period - Noel Acciari is hit by Steve McCarthy.
14:10 of 1st period - Minor Penalty to Dwight King for Boarding.
14:11 of 1st period - Cody Bass wins face-off versus Andreas Engqvist in Atomiques zone.
14:11 of 1st period - Wrist shot by Jimmy Hayes.
14:11 of 1st period - Stopped by Jeremy Smith with a rebound.
14:13 of 1st period - Slapshot by Jared Spurgeon.
14:13 of 1st period - Shot Misses the Net.
14:15 of 1st period - Backhand shot by Jimmy Hayes.
14:15 of 1st period - Stopped by Jeremy Smith without a rebound.
14:16 of 1st period - Michael Raffl wins face-off versus Andreas Engqvist in Atomiques zone.
14:27 of 1st period - Snap shot by Michael Raffl.
14:27 of 1st period - Shot Misses the Net.
14:29 of 1st period - Slapshot by Jared Spurgeon.
14:29 of 1st period - Stopped by Jeremy Smith without a rebound.
14:30 of 1st period - Andreas Engqvist wins face-off versus Cody Bass in Atomiques zone.
14:39 of 1st period - Wrist shot by Michael Raffl.
14:39 of 1st period - Shot Misses the Net.
15:03 of 1st period - Slapshot by Noel Acciari.
15:03 of 1st period - Stopped by Jeremy Smith without a rebound.
15:04 of 1st period - Noel Acciari wins face-off versus Brett Sutter in Atomiques zone.
15:15 of 1st period - Snap shot by Noel Acciari.
15:15 of 1st period - Stopped by Jeremy Smith with a rebound.
15:44 of 1st period - Wrist shot by Jimmy Hayes.
15:44 of 1st period - Shot Misses the Net.
15:46 of 1st period - Wrist shot by Michael Raffl.
15:46 of 1st period - Goal by Michael Raffl - Knights : 2 - Atomiques : 1.
15:47 of 1st period - Noel Acciari wins face-off versus Marc-André Cliche in neutral zone.
15:52 of 1st period - Snap shot by Noel Acciari.
15:52 of 1st period - Shot Blocked by Kyle Wharton.
16:00 of 1st period - Wrist shot by Noel Acciari.
16:00 of 1st period - Stopped by Jeremy Smith with a rebound.
16:18 of 1st period - Wrist shot by Michael Raffl.
16:18 of 1st period - Shot Hit the Post.
16:41 of 1st period - Snap shot by Andreas Engqvist.
16:41 of 1st period - Stopped by Ben Scrivens with a rebound.
16:59 of 1st period - Snap shot by Kevin Hayes.
16:59 of 1st period - Shot Misses the Net.
17:01 of 1st period - Backhand shot by Noel Acciari.
17:01 of 1st period - Goal by Noel Acciari - Knights : 3 - Atomiques : 1.
17:02 of 1st period - Brett Sutter wins face-off versus Michael Raffl in neutral zone.
17:10 of 1st period - Shayne Gostisbehere is hit by Michael Raffl and loses puck.
17:26 of 1st period - Minor Penalty to Bobby Farnham for Holding.
17:27 of 1st period - Cody Bass wins face-off versus Kenndal McArdle in Atomiques zone.
17:34 of 1st period - Slapshot by Cody Bass.
17:34 of 1st period - Shot Blocked by Kyle Wharton.
17:36 of 1st period - Snap shot by Tomas Kundratek.
17:36 of 1st period - Deflect By Michael Raffl.
17:36 of 1st period - Goal by Michael Raffl - Knights : 4 - Atomiques : 1.
17:36 of 1st period - Sergei Bobrovsky enters game.
17:37 of 1st period - Marc-André Cliche wins face-off versus Noel Acciari in neutral zone.
18:04 of 1st period - Icing by Bobby Farnham.
18:05 of 1st period - Jimmy Hayes wins face-off versus Brett Sutter in Atomiques zone.
18:06 of 1st period - Snap shot by Cody Bass.
18:06 of 1st period - Shot Misses the Net.
18:14 of 1st period - Slapshot by Shayne Gostisbehere.
18:14 of 1st period - Deflect By Kenndal McArdle.
18:14 of 1st period - Stopped by Ben Scrivens without a rebound.
18:15 of 1st period - Marc-André Cliche wins face-off versus Cody Bass in Knights zone.
19:48 of 1st period - Kyle Wharton is hit by Jimmy Hayes and loses puck.
19:49 of 1st period - Kyle Wharton from Atomiques is injured at 19:49 of 1st period (Sprained Left Finger).
19:50 of 1st period - Dwight King wins face-off versus Noel Acciari in Atomiques zone.
19:58 of 1st period - Icing by Dwight King.
19:59 of 1st period - Marc-André Cliche wins face-off versus Noel Acciari in Atomiques zone.
Goals for this period are 4 for Knights vs 1 for Atomiques.
Shots for this period are 15 for Knights vs 7 for Atomiques.
2nd period
0:01 of 2nd period - Marc-André Cliche wins face-off versus Cody Bass in neutral zone.
0:07 of 2nd period - Icing by Tomas Kundratek.
0:08 of 2nd period - Marc-André Cliche wins face-off versus Cody Bass in Knights zone.
0:11 of 2nd period - Snap shot by Dwight King.
0:11 of 2nd period - Stopped by Ben Scrivens without a rebound.
0:12 of 2nd period - Noel Acciari wins face-off versus Marc-André Cliche in Knights zone.
0:27 of 2nd period - Snap shot by Marc-André Cliche.
0:27 of 2nd period - Shot Hit the Post.
0:37 of 2nd period - Bobby Farnham is hit by Jimmy Hayes and loses puck.
1:00 of 2nd period - Wrist shot by Andreas Engqvist.
1:00 of 2nd period - Stopped by Ben Scrivens with a rebound.
1:02 of 2nd period - Snap shot by Andreas Engqvist.
1:02 of 2nd period - Deflect By Jared Spurgeon.
1:02 of 2nd period - Stopped by Ben Scrivens without a rebound.
1:03 of 2nd period - Stefan Matteau wins face-off versus Andreas Engqvist in Knights zone.
1:03 of 2nd period - Stefan Matteau is hit by Andreas Engqvist.
1:17 of 2nd period - Snap shot by Linden Vey.
1:17 of 2nd period - Stopped by Sergei Bobrovsky with a rebound.
1:45 of 2nd period - Wrist shot by Jared Spurgeon.
1:45 of 2nd period - Deflect By Linden Vey.
1:45 of 2nd period - Stopped by Sergei Bobrovsky without a rebound.
1:46 of 2nd period - Marc-André Cliche wins face-off versus Cody Bass in Atomiques zone.
1:53 of 2nd period - Snap shot by Dwight King.
1:53 of 2nd period - Stopped by Ben Scrivens with a rebound.
1:55 of 2nd period - Snap shot by Corey Tropp.
1:55 of 2nd period - Shot Blocked by Cody Bass.
2:07 of 2nd period - Minor Penalty to Jimmy Hayes for Hooking.
2:08 of 2nd period - Marc-André Cliche wins face-off versus Michael Raffl in Knights zone.
2:33 of 2nd period - Tomas Kundratek is hit by Bobby Farnham.
2:45 of 2nd period - Kenndal McArdle is hit by Zach Trotman and loses puck.
4:07 of 2nd period - Penalty to Jimmy Hayes is over, Jimmy Hayes is back on ice.
4:14 of 2nd period - Tomas Kundratek is hit by Max McCormick and loses puck.
4:19 of 2nd period - Snap shot by Brock McGinn.
4:19 of 2nd period - Stopped by Ben Scrivens with a rebound.
4:21 of 2nd period - Snap shot by Darren Kramer.
4:21 of 2nd period - Stopped by Ben Scrivens with a rebound.
4:23 of 2nd period - Snap shot by Colby Cohen.
4:23 of 2nd period - Shot Blocked by Jared Spurgeon.
4:35 of 2nd period - Slapshot by Jared Spurgeon.
4:35 of 2nd period - Stopped by Sergei Bobrovsky with a rebound.
4:37 of 2nd period - Slapshot by Jared Spurgeon.
4:37 of 2nd period - Shot Misses the Net.
4:39 of 2nd period - Minor Penalty to Mitch Callahan for Hooking.
4:40 of 2nd period - Cody Bass wins face-off versus Dwight King in Atomiques zone.
4:41 of 2nd period - Backhand shot by Jimmy Hayes.
4:41 of 2nd period - Shot Misses the Net.
4:43 of 2nd period - Snap shot by Cody Bass.
4:43 of 2nd period - Deflect By Michael Raffl.
4:43 of 2nd period - Stopped by Sergei Bobrovsky without a rebound.
4:44 of 2nd period - Cody Bass wins face-off versus Dwight King in Atomiques zone.
5:22 of 2nd period - Snap shot by Scott Wilson.
5:22 of 2nd period - Goal by Scott Wilson - Knights : 5 - Atomiques : 1.
5:23 of 2nd period - Noel Acciari wins face-off versus Marc-André Cliche in neutral zone.
5:50 of 2nd period - Kenndal McArdle is hit by Zach Trotman and loses puck.
6:32 of 2nd period - Colby Cohen is hit by Jared Spurgeon and loses puck.
6:39 of 2nd period - Slapshot by Eric Mestery.
6:39 of 2nd period - Stopped by Ben Scrivens with a rebound.
6:58 of 2nd period - Icing by Corey Tropp.
6:59 of 2nd period - Jimmy Hayes wins face-off versus Marc-André Cliche in Atomiques zone.
7:02 of 2nd period - Snap shot by Jimmy Hayes.
7:02 of 2nd period - Stopped by Sergei Bobrovsky with a rebound.
7:04 of 2nd period - Snap shot by Cody Bass.
7:04 of 2nd period - Stopped by Sergei Bobrovsky with a rebound.
7:06 of 2nd period - Snap shot by Michael Raffl.
7:06 of 2nd period - Shot Misses the Net.
7:14 of 2nd period - Cody Bass is hit by Marc-André Cliche and loses puck.
7:29 of 2nd period - Snap shot by Noel Acciari.
7:29 of 2nd period - Stopped by Sergei Bobrovsky with a rebound.
7:31 of 2nd period - Snap shot by Scott Wilson.
7:31 of 2nd period - Shot Misses the Net.
7:33 of 2nd period - Snap shot by Scott Wilson.
7:33 of 2nd period - Shot Misses the Net.
7:59 of 2nd period - Snap shot by Brock McGinn.
7:59 of 2nd period - Goal by Brock McGinn - Knights : 5 - Atomiques : 2.
8:00 of 2nd period - Marc-André Cliche wins face-off versus Cody Bass in neutral zone.
8:15 of 2nd period - Slapshot by Tomas Kundratek.
8:15 of 2nd period - Shot Hit the Post.
8:27 of 2nd period - Dwight King is hit by Jordan Martinook and loses puck.
8:56 of 2nd period - Snap shot by Dwight King.
8:56 of 2nd period - Stopped by Ben Scrivens without a rebound.
8:57 of 2nd period - Noel Acciari wins face-off versus Brett Sutter in Knights zone.
9:02 of 2nd period - Slapshot by Noel Acciari.
9:02 of 2nd period - Shot Misses the Net.
9:25 of 2nd period - Wrist shot by Noel Acciari.
9:25 of 2nd period - Shot Misses the Net.
9:27 of 2nd period - Slapshot by Scott Wilson.
9:27 of 2nd period - Shot Misses the Net.
9:29 of 2nd period - Slapshot by Kevin Hayes.
9:29 of 2nd period - Stopped by Sergei Bobrovsky without a rebound.
9:30 of 2nd period - Cody Bass wins face-off versus Andreas Engqvist in Atomiques zone.
9:55 of 2nd period - Michael Matheson is hit by Max McCormick and loses puck.
10:30 of 2nd period - Off-side.
10:31 of 2nd period - Stefan Matteau wins face-off versus Brett Sutter in neutral zone.
10:40 of 2nd period - Snap shot by Brett Sutter.
10:40 of 2nd period - Goal by Brett Sutter - Knights : 5 - Atomiques : 3.
10:41 of 2nd period - Marc-André Cliche wins face-off versus Cody Bass in neutral zone.
10:56 of 2nd period - Backhand shot by Cody Bass.
10:56 of 2nd period - Shot Blocked by Dwight King.
11:08 of 2nd period - Bobby Farnham is hit by Scott Wilson and loses puck.
11:29 of 2nd period - Wrist shot by Linden Vey.
11:29 of 2nd period - Goal by Linden Vey - Knights : 6 - Atomiques : 3.
11:30 of 2nd period - Marc-André Cliche wins face-off versus Cody Bass in neutral zone.
11:30 of 2nd period - Dwight King is hit by Cody Bass and loses puck.
11:38 of 2nd period - Minor Penalty to Cody Bass for Hooking.
11:39 of 2nd period - Michael Raffl wins face-off versus Marc-André Cliche in Knights zone.
11:43 of 2nd period - Snap shot by Corey Tropp.
11:43 of 2nd period - Stopped by Ben Scrivens with a rebound.
11:45 of 2nd period - Slapshot by Steve McCarthy.
11:45 of 2nd period - Shot Blocked by Jimmy Hayes.
11:47 of 2nd period - Wrist shot by Fredrik Claesson.
11:47 of 2nd period - Shot Misses the Net.
11:49 of 2nd period - Slapshot by Corey Tropp.
11:49 of 2nd period - Stopped by Ben Scrivens with a rebound.
11:51 of 2nd period - Slapshot by Fredrik Claesson.
11:51 of 2nd period - Deflect By Tomas Kundratek.
11:51 of 2nd period - Stopped by Ben Scrivens with a rebound.
13:38 of 2nd period - Penalty to Cody Bass is over, Cody Bass is back on ice.
13:55 of 2nd period - Fredrik Claesson is hit by Linden Vey and loses puck.
14:26 of 2nd period - Snap shot by Noel Acciari.
14:26 of 2nd period - Stopped by Sergei Bobrovsky with a rebound.
15:03 of 2nd period - Snap shot by Brock McGinn.
15:03 of 2nd period - Shot Hit the Post.
15:18 of 2nd period - Brendan Gaunce is hit by Brock McGinn and loses puck.
15:37 of 2nd period - Wrist shot by Brendan Gaunce.
15:37 of 2nd period - Stopped by Sergei Bobrovsky with a rebound.
15:39 of 2nd period - Wrist shot by Brendan Gaunce.
15:39 of 2nd period - Stopped by Sergei Bobrovsky with a rebound.
15:41 of 2nd period - Snap shot by Matt Puempel.
15:41 of 2nd period - Stopped by Sergei Bobrovsky with a rebound.
15:43 of 2nd period - Slapshot by Matt Puempel.
15:43 of 2nd period - Goal by Matt Puempel - Knights : 7 - Atomiques : 3.
15:44 of 2nd period - Marc-André Cliche wins face-off versus Cody Bass in neutral zone.
15:47 of 2nd period - Michael Raffl is hit by Marc-André Cliche.
15:58 of 2nd period - Minor Penalty to Cody Bass for Unsportsmanlike conduct.
15:59 of 2nd period - Michael Raffl wins face-off versus Marc-André Cliche in Knights zone.
16:25 of 2nd period - Steve McCarthy is hit by Matt Puempel and loses puck.
16:30 of 2nd period - Snap shot by Kevin Hayes.
16:30 of 2nd period - Stopped by Sergei Bobrovsky with a rebound.
16:32 of 2nd period - Slapshot by Zach Trotman.
16:32 of 2nd period - Stopped by Sergei Bobrovsky without a rebound.
16:33 of 2nd period - Marc-André Cliche wins face-off versus Michael Raffl in Atomiques zone.
17:16 of 2nd period - Jimmy Hayes is hit by Kenndal McArdle and loses puck.
17:29 of 2nd period - Slapshot by Shayne Gostisbehere.
17:29 of 2nd period - Shot Blocked by Jared Spurgeon.
17:39 of 2nd period - Snap shot by Brett Sutter.
17:39 of 2nd period - Shot Blocked by Tomas Kundratek.
17:58 of 2nd period - Penalty to Cody Bass is over, Cody Bass is back on ice.
18:03 of 2nd period - Wrist shot by Shayne Gostisbehere.
18:03 of 2nd period - Stopped by Ben Scrivens without a rebound.
18:04 of 2nd period - Marc-André Cliche wins face-off versus Stefan Matteau in Knights zone.
18:14 of 2nd period - Steve McCarthy and Jordan Martinook fight to a draw.
18:14 of 2nd period - Penalty to Steve McCarthy for Fighting.
18:14 of 2nd period - Penalty to Jordan Martinook for Fighting.
18:15 of 2nd period - Marc-André Cliche wins face-off versus Cody Bass in Knights zone.
18:20 of 2nd period - Snap shot by Corey Tropp.
18:20 of 2nd period - Stopped by Ben Scrivens without a rebound.
18:21 of 2nd period - Michael Raffl wins face-off versus Marc-André Cliche in Knights zone.
19:10 of 2nd period - Slapshot by Stefan Matteau.
19:10 of 2nd period - Deflect By Tom Wilson.
19:10 of 2nd period - Stopped by Sergei Bobrovsky with a rebound.
19:39 of 2nd period - Wrist shot by Michael Raffl.
19:39 of 2nd period - Stopped by Sergei Bobrovsky without a rebound.
19:40 of 2nd period - Marc-André Cliche wins face-off versus Noel Acciari in Atomiques zone.
19:47 of 2nd period - Wrist shot by Dwight King.
19:47 of 2nd period - Stopped by Ben Scrivens without a rebound.
19:48 of 2nd period - Noel Acciari wins face-off versus Marc-André Cliche in Knights zone.
Goals for this period are 3 for Knights vs 2 for Atomiques.
Shots for this period are 19 for Knights vs 16 for Atomiques.
3rd period
0:01 of 3rd period - Cody Bass wins face-off versus Marc-André Cliche in neutral zone.
0:12 of 3rd period - Snap shot by Dwight King.
0:12 of 3rd period - Shot Blocked by Michael Raffl.
0:14 of 3rd period - Snap shot by Dwight King.
0:14 of 3rd period - Shot Blocked by Jacob Trouba.
0:26 of 3rd period - Kenndal McArdle is hit by Kevin Hayes and loses puck.
1:07 of 3rd period - Wrist shot by Zach Trotman.
1:07 of 3rd period - Stopped by Sergei Bobrovsky without a rebound.
1:08 of 3rd period - Darren Kramer wins face-off versus Cody Bass in Atomiques zone.
1:15 of 3rd period - Snap shot by Cody Bass.
1:15 of 3rd period - Stopped by Sergei Bobrovsky with a rebound.
1:26 of 3rd period - Colby Cohen is hit by Jimmy Hayes and loses puck.
1:38 of 3rd period - Snap shot by Brock McGinn.
1:38 of 3rd period - Stopped by Ben Scrivens with a rebound.
1:40 of 3rd period - Snap shot by Brock McGinn.
1:40 of 3rd period - Stopped by Ben Scrivens without a rebound.
1:41 of 3rd period - Marc-André Cliche wins face-off versus Noel Acciari in Knights zone.
2:17 of 3rd period - Michael Matheson is hit by Kenndal McArdle and loses puck.
3:00 of 3rd period - Minor Penalty to Jacob Trouba for Slashing.
3:01 of 3rd period - Michael Raffl wins face-off versus Marc-André Cliche in Knights zone.
3:01 of 3rd period - Michael Raffl is hit by Marc-André Cliche.
3:10 of 3rd period - Off-side.
3:11 of 3rd period - Michael Raffl wins face-off versus Marc-André Cliche in neutral zone.
3:14 of 3rd period - Penalty to Jordan Martinook is over, Jordan Martinook is back on ice.
3:25 of 3rd period - Icing by Dwight King.
3:26 of 3rd period - Michael Raffl wins face-off versus Corey Tropp in Atomiques zone.
3:59 of 3rd period - Slapshot by Dwight King.
3:59 of 3rd period - Stopped by Ben Scrivens with a rebound.
4:01 of 3rd period - Snap shot by Dwight King.
4:01 of 3rd period - Stopped by Ben Scrivens with a rebound.
4:46 of 3rd period - Backhand shot by Dwight King.
4:46 of 3rd period - Stopped by Ben Scrivens without a rebound.
4:47 of 3rd period - Brett Sutter wins face-off versus Michael Raffl in Knights zone.
5:00 of 3rd period - Penalty to Jacob Trouba is over, Jacob Trouba is back on ice.
5:34 of 3rd period - Snap shot by Kevin Hayes.
5:34 of 3rd period - Stopped by Sergei Bobrovsky without a rebound.
5:35 of 3rd period - Noel Acciari wins face-off versus Brock McGinn in Atomiques zone.
5:42 of 3rd period - Slapshot by Noel Acciari.
5:42 of 3rd period - Stopped by Sergei Bobrovsky with a rebound.
5:44 of 3rd period - Wrist shot by Scott Wilson.
5:44 of 3rd period - Stopped by Sergei Bobrovsky with a rebound.
5:46 of 3rd period - Slapshot by Kevin Hayes.
5:46 of 3rd period - Shot Misses the Net.
6:02 of 3rd period - Linden Vey is hit by Brett Sutter and loses puck.
6:42 of 3rd period - Jonas Junland is hit by Zach Trotman and loses puck.
6:51 of 3rd period - Matt Puempel is hit by Max McCormick and loses puck.
7:49 of 3rd period - Minor Penalty to Jimmy Hayes for Hooking.
7:50 of 3rd period - Michael Raffl wins face-off versus Marc-André Cliche in Knights zone.
7:50 of 3rd period - Michael Raffl is hit by Dwight King.
8:03 of 3rd period - Wrist shot by Corey Tropp.
8:03 of 3rd period - Shot Misses the Net.
8:05 of 3rd period - Snap shot by Steve McCarthy.
8:05 of 3rd period - Deflect By Dwight King.
8:05 of 3rd period - Shot Blocked by Tomas Kundratek.
8:05 of 3rd period - Puck is out of play.
8:06 of 3rd period - Marc-André Cliche wins face-off versus Michael Raffl in Knights zone.
9:48 of 3rd period - Marc-André Cliche is hit by Cody Bass.
9:49 of 3rd period - Penalty to Jimmy Hayes is over, Jimmy Hayes is back on ice.
11:46 of 3rd period - Minor Penalty to Stefan Matteau for High sticking.
11:47 of 3rd period - Marc-André Cliche wins face-off versus Michael Raffl in Knights zone.
13:46 of 3rd period - Penalty to Stefan Matteau is over, Stefan Matteau is back on ice.
13:50 of 3rd period - Snap shot by Stefan Matteau.
13:50 of 3rd period - Stopped by Sergei Bobrovsky without a rebound.
13:51 of 3rd period - Andreas Engqvist wins face-off versus Stefan Matteau in Atomiques zone.
13:51 of 3rd period - Andreas Engqvist is hit by Stefan Matteau.
14:29 of 3rd period - Snap shot by Brock McGinn.
14:29 of 3rd period - Stopped by Ben Scrivens without a rebound.
14:30 of 3rd period - Cody Bass wins face-off versus Marc-André Cliche in Knights zone.
14:47 of 3rd period - Jimmy Hayes is hit by Dwight King and loses puck.
15:15 of 3rd period - Icing by Fredrik Claesson.
15:16 of 3rd period - Brett Sutter wins face-off versus Stefan Matteau in Atomiques zone.
15:23 of 3rd period - Stefan Matteau is hit by Corey Tropp and loses puck.
16:23 of 3rd period - Wrist shot by Brett Sutter.
16:23 of 3rd period - Stopped by Ben Scrivens without a rebound.
16:24 of 3rd period - Marc-André Cliche wins face-off versus Cody Bass in Knights zone.
17:23 of 3rd period - Snap shot by Andrew Kozek.
17:23 of 3rd period - Stopped by Ben Scrivens without a rebound.
17:24 of 3rd period - Andreas Engqvist wins face-off versus Stefan Matteau in Knights zone.
17:43 of 3rd period - Andreas Engqvist is hit by Linden Vey and loses puck.
17:52 of 3rd period - Snap shot by Andrew Kozek.
17:52 of 3rd period - Stopped by Ben Scrivens without a rebound.
17:53 of 3rd period - Cody Bass wins face-off versus Marc-André Cliche in Knights zone.
18:05 of 3rd period - Slapshot by Jimmy Hayes.
18:05 of 3rd period - Goal by Jimmy Hayes - Knights : 8 - Atomiques : 3.
18:06 of 3rd period - Cody Bass wins face-off versus Marc-André Cliche in neutral zone.
18:15 of 3rd period - Wrist shot by Jimmy Hayes.
18:15 of 3rd period - Stopped by Sergei Bobrovsky without a rebound.
18:16 of 3rd period - Cody Bass wins face-off versus Marc-André Cliche in Atomiques zone.
18:32 of 3rd period - Wrist shot by Cody Bass.
18:32 of 3rd period - Stopped by Sergei Bobrovsky with a rebound.
18:34 of 3rd period - Wrist shot by Jimmy Hayes.
18:34 of 3rd period - Stopped by Sergei Bobrovsky with a rebound.
19:02 of 3rd period - Wrist shot by Michael Raffl.
19:02 of 3rd period - Shot Hit the Post.
19:06 of 3rd period - Snap shot by Michael Raffl.
19:06 of 3rd period - Shot Blocked by Shayne Gostisbehere.
19:08 of 3rd period - Slapshot by Jared Spurgeon.
19:08 of 3rd period - Stopped by Sergei Bobrovsky without a rebound.
19:09 of 3rd period - Brett Sutter wins face-off versus Noel Acciari in Atomiques zone.
19:16 of 3rd period - Backhand shot by Brett Sutter.
19:16 of 3rd period - Stopped by Ben Scrivens without a rebound.
19:17 of 3rd period - Brett Sutter wins face-off versus Noel Acciari in Knights zone.
19:18 of 3rd period - Snap shot by Kenndal McArdle.
19:18 of 3rd period - Shot Blocked by Noel Acciari.
19:33 of 3rd period - Bobby Farnham and Jacob Trouba fight to a draw.
19:33 of 3rd period - Penalty to Bobby Farnham for Fighting.
19:33 of 3rd period - Penalty to Jacob Trouba for Fighting.
19:34 of 3rd period - Marc-André Cliche wins face-off versus Cody Bass in Atomiques zone.
19:39 of 3rd period - Snap shot by Shayne Gostisbehere.
19:39 of 3rd period - Stopped by Ben Scrivens without a rebound.
19:40 of 3rd period - Marc-André Cliche wins face-off versus Cody Bass in Knights zone.
Goals for this period are 1 for Knights vs 0 for Atomiques.
Shots for this period are 11 for Knights vs 11 for Atomiques.
Back to the Top